 Dungeon Crawl Stone Soup version 0.20.1-1-g8b1a95d (webtiles) character file.

28398 FollowTheCloud the Covert (level 13, -2/65 HPs)
             Began as a Spriggan Enchanter on Aug 19, 2017.
             Was a High Priest of Kikubaaqudgha.
             Slain by a yak (15 damage)
             ... on level 2 of the Lair of Beasts.
             The game lasted 01:13:24 (21564 turns).

FollowTheCloud the Covert (Spriggan Enchanter)     Turns: 21564, Time: 01:13:25

Health: -2/65      AC:  3    Str:  4    XL:     13   Next: 9%
Magic:  4/30       EV: 31    Int: 19    God:    Kikubaaqudgha [*****.]
Gold:   647        SH:  0    Dex: 19    Spells: 18/36 levels left

rFire    + . .     SeeInvis +   u - +2 short sword "Egg" {elec, +Rage +Fly rC- rN+}
rCold    x x .     Gourm    .   (shield restricted)
rNeg     + . .     Faith    .   R - +1 robe {Archmagi}
rPois    .         Spirit   .   (helmet restricted)
rElec    .         Reflect  .   (no cloak)
rCorr    .         Harm     .   (gloves unavailable)
MR       ++...                  (boots unavailable)
Stlth    +++++++...             (no amulet)
Regen    0.2/turn               M - ring of stealth
MPRegen  0.3/turn               K - ring of fire

@: very quick
A: unfitting armour, see invisible, herbivore 3, speed 3, slow metabolism 2
a: Receive Corpses, Torment, Renounce Religion, Evoke Berserk Rage, Evoke Flight


You were on level 2 of the Lair of Beasts.
You worshipped Kikubaaqudgha.
Kikubaaqudgha was extremely pleased with you.
You were not hungry.

You visited 5 branches of the dungeon, and saw 16 of its levels.
You also visited: Volcano.

You collected 1962 gold pieces.
You spent 1315 gold pieces at shops.

Inventory:

Hand Weapons
 a - a +1 dagger
 u - the +2 short sword "Egg" (weapon) {elec, +Rage +Fly rC- rN+}
   (You found it on level 5 of the Dungeon)

   Occasionally, upon striking a foe, it will discharge some electrical energy
   and cause terrible harm.
   It makes you vulnerable to cold.
   It protects you from negative energy.
   It lets you fly.
   It lets you go berserk.
Armour
 R - a +1 robe of the Archmagi (worn)
Jewellery
 I - a +2 ring of dexterity
 K - a ring of fire (right hand)
 M - a ring of stealth (left hand)
 T - a +2 ring of strength {unknown}
 U - an uncursed ring of see invisible {unknown}
 Y - an uncursed ring of positive energy {unknown}
Wands
 x - a wand of iceblast (6/15)
 C - a wand of confusion (0/48)
 D - a wand of random effects (25/48)
 F - a wand of paralysis (11/24)
 P - a wand of scattershot (6/9)
 S - a wand of scattershot (5/9)
 V - a wand of disintegration (11/24)
 W - a wand of flame (19/48)
Scrolls
 e - 9 scrolls of remove curse
 g - 8 scrolls of identify
 i - 2 scrolls of recharging {unknown}
 j - 5 scrolls of teleportation
 k - 3 scrolls of blinking {unknown}
 m - a scroll of noise {unknown}
 n - 2 scrolls of fear {unknown}
 p - 2 scrolls of immolation {unknown}
 r - 3 scrolls of magic mapping {unknown}
 s - 3 scrolls of enchant armour {unknown}
 w - 3 scrolls of fog {unknown}
 y - 2 scrolls of vulnerability {unknown}
 H - a scroll of enchant weapon {unknown}
 N - a scroll of amnesia {unknown}
Potions
 b - a potion of lignification {unknown}
 h - 2 potions of brilliance {unknown}
 l - 3 potions of heal wounds
 q - 2 potions of haste
 t - 3 potions of agility {unknown}
 z - 3 potions of degeneration {unknown}
 B - 3 potions of berserk rage
 E - a potion of flight {unknown}
 J - 2 potions of curing {unknown}
 O - a potion of cancellation {unknown}
 X - a potion of invisibility {unknown}
Books
 c - a book of Maledictions

   Spells                             Type                      Level
   a - Corona                         Hexes                        1
   b - Ensorcelled Hibernation        Hexes/Ice                    2
   c - Confuse                        Hexes                        3
   d - Tukima's Dance                 Hexes                        3
   e - Dazzling Spray                 Conjuration/Hexes            3
 v - Kikubaaqudgha's Reference Book on Necromancy
   (Kikubaaqudgha gifted it to you on level 5 of the Dungeon)

   Spells                             Type                      Level
   a - Animate Skeleton               Necromancy                   1
   b - Corpse Rot                     Necromancy                   2
   c - Sublimation of Blood           Necromancy                   2
   d - Regeneration                   Charms/Necromancy            3
   e - Control Undead                 Necromancy                   4
 A - a book of Necromancy

   Spells                             Type                      Level
   a - Pain                           Necromancy                   1
   b - Animate Skeleton               Necromancy                   1
   c - Vampiric Draining              Necromancy                   3
   d - Regeneration                   Charms/Necromancy            3
   e - Animate Dead                   Necromancy                   4
   f - Control Undead                 Necromancy                   4
 G - Kikubaaqudgha's Handbook of Stolen Souls
   (Kikubaaqudgha gifted it to you on level 7 of the Dungeon)

   Spells                             Type                      Level
   a - Agony                          Necromancy                   5
   b - Cigotuvi's Embrace             Necromancy                   5
   c - Dispel Undead                  Necromancy                   5
   d - Simulacrum                     Ice/Necromancy               6
   e - Death Channel                  Necromancy                   6
 L - a book of Callings

   Spells                             Type                      Level
   a - Summon Small Mammal            Summoning                    1
   b - Call Imp                       Summoning                    2
   c - Call Canine Familiar           Summoning                    3
   d - Summon Guardian Golem          Hexes/Summoning              3
   e - Summon Lightning Spire         Summoning/Air                4
   f - Summon Ice Beast               Ice/Summoning                4
 Q - a book of Party Tricks

   Spells                             Type                      Level
   a - Summon Butterflies             Summoning                    1
   b - Apportation                    Translocation                1
   c - Lesser Beckoning               Translocation                3
   d - Tukima's Dance                 Hexes                        3
   e - Alistair's Intoxication        Transmutation/Poison         5
   f - Invisibility                   Hexes                        6
Comestibles
 d - 3 bread rations
 f - 16 royal jellies
 o - 17 fruits


   Skills:
 + Level 6.5 Fighting
 - Level 1.2 Short Blades
 + Level 13.5 Dodging
 + Level 14.5 Stealth
 + Level 12.3 Spellcasting
 - Level 13.0 Hexes
 + Level 3.4 Necromancy
 - Level 4.2 Ice Magic


You had 18 spell levels left.
You knew the following spells:

 Your Spells              Type           Power        Failure   Level  Hunger
a - Corona                Hex            #######      1%          1    None
b - Dazzling Spray        Conj/Hex       ######       1%          3    None
c - Confuse               Hex            #######.     1%          3    None
d - Tukima's Dance        Hex            #######.     1%          3    None
e - Invisibility          Hex            #######.     4%          6    ######.
z - Ensorcelled Hibernat  Hex/Ice        ######       1%          2    None


Dungeon Overview and Level Annotations

Branches:
Dungeon (10/15)            Temple (1/1) D:5            Lair (2/6) D:10
    Orc (2/2) D:9             Elf (1/3) Orc:2
  Swamp: Lair:2-4    Shoals: Lair:2-4     Snake: Lair:2-4    Spider: Lair:2-4

Altars:
Ashenzari
Cheibriados
Dithmenos
Elyvilon
Fedhas
Gozag
Hepliaklqana
Kikubaaqudgha
Makhleb
Nemelex Xobeh
Okawaru
Qazlal
Ru
Sif Muna
Trog
Uskayaw
Vehumet
Xom
Yredelemnul
Zin
The Shining One
Beogh

Shops:
D:5 }:   D:7 [}[%   Orc:1 *(%?   Orc:2 =[?(!


Innate Abilities, Weirdness & Mutations

You are very small and have problems with some larger weapons.
You are too small for most types of armour.
You have supernaturally acute eyesight. (SInv)
You are a herbivore.
You cover ground extremely quickly.
You need consume almost no food.


Message History

The yak is heavily wounded.
The yak gores you!
You barely miss the yak.
The yak is heavily wounded.
The yak misses you.
You hit the yak. Lightning courses through the yak!
The yak is almost dead.
The yak barely misses you.
Casting: Confuse
Confirm with . or Enter, or press ? or * to list all spells.
Aiming: Confuse
Press: ? - help, Shift-Dir - straight line, f/p - yak
Aim: a yak (almost dead, chance to defeat MR: 81%)
You feel a surge of power!
The yak barely resists.
The yak gores you!
* * * LOW HITPOINT WARNING * * *
You hit the yak but do no damage.
The yak is almost dead.
The yak gores you!
You die...
Kikubaaqudgha rasps: "You have failed me!
Welcome... death!"

###........≈≈≈≈≈≈...
P...........≈.≈≈...
..............P≈#
..÷............###
...........(.....#
..............#.## ≈
..............#..# PP
....)...........†# ..≈
.............<..@### .≈≈P
#..............##Yt###..P≈≈
####P.........###.†#.k...≈≈
#..##.....###.#.†....≈P≈
#######.### #..........?
### #...........
#............ #............
##..?........


You could see a yak and a crocodile.

Vanquished Creatures
  An ettin (Orc:1)
  A hydra (Lair:1)
  A centaur warrior (D:9)
  Erica (Lair:2)
  A two-headed ogre (Orc:2)
  An orc high priest (Orc:2)
  A skeletal warrior (Volcano)
  Pikel (D:6)
  2 anaconda skeletons (Volcano)
  A lindwurm (Lair:1)
  3 orc knights (Orc:2)
  The ghost of Merkolit the Cleaver, a novice HOFi of Trog (D:6)
  A deep elf mage (D:7)
  Maurice (D:9)
  2 gargoyles (Volcano)
  4 spiny frogs
  A rime drake (Lair:1)
  2 komodo dragons (Lair:1)
  A queen bee (Lair:1)
  6 trolls
  5 hippogriffs
  Grinder (D:3)
  Prince Ribbit (D:9)
  A dancing weapon (Orc:1)
  3 flying skulls (Volcano)
  Sigmund (D:3)
  A wyvern (D:9)
  A basilisk (D:10)
  12 yaks
  Eustachio (D:4)
  A hungry ghost (D:7)
  Edmund (D:6)
  3 water moccasins
  9 wargs
  3 porcupines
  10 ice beasts
  A slave (D:7)
  9 orc warriors
  A sky beast (D:8)
  3 phantoms
  12 ogres
  4 crocodiles
  3 big kobolds
  14 bullfrogs
  A gnoll sergeant (D:5)
  5 scorpions
  4 wights
  20 killer bees
  A spriggan skeleton (Volcano)
  2 crimson imps (D:8)
  A quasit (D:5)
  3 jellies
  3 hounds
  10 orc priests
  An iguana (D:4)
  Natasha (D:4)
  14 orc wizards
  8 worker ants
  2 naga skeletons (Volcano)
  A hound zombie (D:5)
  A hound skeleton (D:7)
  A worker ant zombie (D:5)
  12 gnolls
  10 adders
  A shadow imp (D:5)
  2 oozes (D:1)
  An adder skeleton (D:5)
  4 worms
  8 leopard geckos
  72 orcs
  6 giant cockroaches
  9 goblins
  10 hobgoblins
  13 jackals
  3 quokkas
  3 ball pythons
  6 bats
  2 frilled lizards
  A jackal skeleton (D:3)
  13 kobolds
  3 leopard gecko skeletons
  10 rats
402 creatures vanquished.

Vanquished Creatures (collateral kills)
  A skeletal warrior (Volcano)
  7 orc knights (Orc:2)
  A gargoyle (Volcano)
  25 orc warriors
  An ogre (Orc:2)
  22 orcs
57 creatures vanquished.

Vanquished Creatures (others)
  8 dancing weapons
  A bush (D:9)
  A plant (Lair:2)
10 creatures vanquished.

Grand Total: 469 creatures vanquished

Notes
Turn   | Place    | Note
-------+----------+-------------------------------------------
     0 | D:1      | FollowTheCloud the Spriggan Enchanter began the quest for the Orb.
     0 | D:1      | Reached XP level 1. HP: 9/9 MP: 5/5
    21 | D:1      | Reached XP level 2. HP: 9/13 MP: 6/6
   114 | D:1      | Learned a level 2 spell: Ensorcelled Hibernation
   895 | D:1      | Reached XP level 3. HP: 6/16 MP: 8/8
  1848 | D:2      | Reached skill level 5 in Stealth
  2291 | D:2      | Learned a level 3 spell: Dazzling Spray
  2295 | D:2      | Learned a level 3 spell: Confuse
  2693 | D:1      | Reached XP level 4. HP: 11/21 MP: 8/10
  2908 | D:2      | Found a basalt altar of Yredelemnul.
  3824 | D:3      | Reached skill level 1 in Ice Magic
  3912 | D:2      | Reached XP level 5. HP: 21/24 MP: 9/11
  4023 | D:2      | Learned a level 3 spell: Tukima's Dance
  4155 | D:3      | Reached skill level 6 in Stealth
  4279 | D:3      | Found an ancient bone altar of Kikubaaqudgha.
  4288 | D:3      | Reached skill level 5 in Hexes
  4288 | D:3      | Reached XP level 6. HP: 11/28 MP: 8/13
  4615 | D:3      | Noticed Sigmund
  4666 | D:3      | Killed Sigmund
  4666 | D:3      | Reached skill level 5 in Dodging
  5128 | D:3      | Became a worshipper of Kikubaaqudgha
  5238 | D:3      | Noticed Grinder
  5249 | D:3      | Killed Grinder
  5249 | D:3      | Reached skill level 5 in Spellcasting
  5249 | D:3      | Reached XP level 7. HP: 32/32 MP: 5/15
  5477 | D:3      | Reached skill level 7 in Stealth
  5564 | D:4      | Noticed Eustachio
  6073 | D:4      | Killed Eustachio
  6226 | D:4      | Found a deep blue altar of Sif Muna.
  6250 | D:4      | Noticed Natasha
  6261 | D:4      | Killed Natasha
  6537 | D:5      | Entered Level 5 of the Dungeon
  6558 | D:5      | Found a stormy altar of Qazlal.
  6558 | D:5      | Found a burning altar of Makhleb.
  6564 | D:5      | Found a hazy altar of Hepliaklqana.
  6566 | D:5      | Found a glowing silver altar of Zin.
  6567 | D:5      | Found a bloodstained altar of Trog.
  6730 | D:5      | Reached XP level 8. HP: 36/36 MP: 10/17
  6739 | D:5      | Got a slimy short sword
  6746 | D:5      | Identified the +2 short sword "Egg" {elec, +Rage +Fly rC- rN+} (You found it on level 5 of the Dungeon)
  6787 | D:5      | Reached * piety under Kikubaaqudgha
  6787 | D:5      | Identified Kikubaaqudgha's Reference Book on Necromancy (Kikubaaqudgha gifted it to you on level 5 of the Dungeon)
  6787 | D:5      | Received a gift from Kikubaaqudgha
  7044 | D:5      | Reached skill level 8 in Stealth
  7105 | D:5      | Found a staircase to the Ecumenical Temple.
  7114 | Temple   | Entered the Ecumenical Temple
  7208 | D:5      | Found Anwen's Book Emporium.
  7264 | D:5      | Found Saiddipi's Gadget Emporium.
  7580 | D:6      | Noticed Merkolit's ghost (novice HOFi)
  7606 | D:6      | Killed Merkolit's ghost
  7606 | D:6      | Reached skill level 9 in Stealth
  7664 | D:6      | Found a glowing golden altar of the Shining One.
  7678 | D:6      | Noticed Edmund
  7688 | D:6      | Killed Edmund
  7738 | D:6      | Reached XP level 9. HP: 39/39 MP: 20/20
  8552 | D:6      | Reached ** piety under Kikubaaqudgha
  8777 | D:6      | Reached skill level 1 in Fighting
  9021 | D:7      | Noticed a deep elf mage
  9024 | D:6      | Reached skill level 10 in Stealth
  9087 | D:7      | Found Ifiybrevuh's Gadget Boutique.
  9563 | D:7      | Noticed Pikel
  9640 | D:6      | Killed Pikel
  9640 | D:6      | Reached XP level 10. HP: 27/47 MP: 13/23
  9881 | D:7      | Found Viric's Food Shop.
  9929 | D:7      | Killed a deep elf mage
  9929 | D:7      | Reached *** piety under Kikubaaqudgha
  9929 | D:7      | Identified Kikubaaqudgha's Handbook of Stolen Souls (Kikubaaqudgha gifted it to you on level 7 of the Dungeon)
  9929 | D:7      | Received a gift from Kikubaaqudgha
 10045 | D:7      | Reached skill level 10 in Dodging
 10048 | D:7      | Found Roimit's Armour Shop.
 10156 | D:7      | Found Isuesax's Armour Shop.
 10315 | D:7      | Reached skill level 11 in Stealth
 10421 | D:8      | Reached skill level 1 in Necromancy
 10607 | D:8      | Found an opulent altar of Gozag.
 11513 | D:9      | Noticed Prince Ribbit
 11607 | D:9      | Killed Prince Ribbit
 11755 | D:9      | Found a white marble altar of Elyvilon.
 11991 | D:9      | Found a roughly hewn altar of Beogh.
 11991 | D:9      | Found a staircase to the Orcish Mines.
 12201 | D:9      | Noticed Maurice
 12223 | D:9      | Noticed a centaur warrior
 12235 | D:9      | Reached **** piety under Kikubaaqudgha
 12295 | D:9      | Killed a centaur warrior
 12295 | D:9      | Reached skill level 10 in Hexes
 12963 | D:9      | Killed Maurice
 12963 | D:9      | Reached skill level 12 in Stealth
 12963 | D:9      | Reached XP level 11. HP: 54/54 MP: 21/24
 12991 | Orc:1    | Entered Level 1 of the Orcish Mines
 13097 | Orc:1    | Found Siduoghy's Magic Scroll Boutique.
 13109 | Orc:1    | Bought a scroll of teleportation for 45 gold pieces
 13110 | Orc:1    | Found Onlopus's Antique Weapon Emporium.
 13153 | Orc:1    | Found Qemm's Food Emporium.
 13185 | Orc:1    | Found a roughly hewn altar of Beogh.
 13417 | D:5      | Bought a book of Party Tricks for 700 gold pieces
 13424 | D:5      | Learned a level 6 spell: Invisibility
 13599 | Orc:1    | Found Eczica's General Store.
 13983 | Orc:1    | Noticed an ettin
 13999 | Orc:1    | Killed an ettin
 14190 | Orc:2    | Entered Level 2 of the Orcish Mines
 14255 | Orc:2    | Noticed an orc high priest
 14329 | Orc:2    | Noticed a soul eater
 14392 | Orc:2    | Found a frozen archway.
 14414 | Orc:1    | Reached ***** piety under Kikubaaqudgha
 15462 | Orc:2    | Found Naser's Magic Scroll Emporium.
 15466 | Orc:2    | Killed an orc high priest
 15576 | D:7      | Bought a +1 robe of the Archmagi for 490 gold pieces
 15703 | Orc:2    | Noticed a two-headed ogre
 15717 | Orc:2    | Killed a two-headed ogre
 15717 | Orc:2    | Reached skill level 5 in Fighting
 15864 | Orc:2    | Found Dovon's Distillery.
 15883 | Orc:2    | Noticed an orc knight
 15965 | Orc:2    | Killed an orc knight
 16102 | Orc:2    | Noticed an orc knight
 16111 | Orc:2    | Noticed an orc knight
 16128 | Orc:2    | Killed an orc knight
 16128 | Orc:2    | Reached skill level 10 in Spellcasting
 16164 | Orc:2    | Killed an orc knight
 16303 | Orc:2    | Found Iselyr's Antique Weapon Emporium.
 16317 | Orc:2    | Bought a potion of heal wounds for 80 gold pieces
 16439 | Orc:2    | Reached skill level 13 in Stealth
 16563 | Orc:2    | Noticed an orc knight
 16625 | Orc:2    | Killed an orc knight
 16847 | Orc:2    | Found a staircase to the Elven Halls.
 17042 | Orc:2    | Noticed an orc knight
 17053 | Orc:2    | Noticed an orc knight
 17054 | Orc:2    | Reached XP level 12. HP: 60/60 MP: 22/27
 17206 | Elf:1    | Entered Level 1 of the Elven Halls
 17475 | Orc:2    | Found Zin Kamy's Jewellery Emporium.
 17475 | Orc:2    | Found Nexieq's Antique Armour Shop.
 17641 | Orc:2    | Found a roughly hewn altar of Beogh.
 18361 | D:10     | Entered Level 10 of the Dungeon
 18368 | D:10     | Found a staircase to the Lair.
 18442 | Lair:1   | Entered Level 1 of the Lair of Beasts
 19278 | Lair:1   | Found a dark tunnel.
 19362 | Volcano  | Entered a volcano
 19574 | Volcano  | Reached skill level 14 in Stealth
 20240 | Lair:1   | Noticed a five-headed hydra
 20263 | Lair:1   | Killed a five-headed hydra
 21181 | Lair:2   | Noticed Erica
 21313 | Lair:2   | Killed Erica
 21313 | Lair:2   | Reached XP level 13. HP: 65/65 MP: 26/30
 21564 | Lair:2   | Slain by a yak

Skill      XL: |  1  2  3  4  5  6  7  8  9 10 11 12 |
---------------+-------------------------------------+-----
Spellcasting   | 3 4 5 7 8 10 12 | 12.3
Hexes          | 4 5 6 7 8 10 11 13 | 13.0
Stealth        | 5 6 7 9 10 12 13 14 | 14.5
Dodging        | 4 5 6 7 9 11 12 13 | 13.5
Ice Magic      | 1 2 3 4 |  4.2
Fighting       | 2 4 5 6 |  6.5
Necromancy     | 2 3 |  3.4
Short Blades   | |  1.2

Action                   |  1- 3 |  4- 6 |  7- 9 | 10-12 | 13-15 || total
-------------------------+-------+-------+-------+-------+-------++-------
Melee: Dagger            |   231 |   206 |    73 |       |       ||   510
       Short sword       |       |       |   258 |   672 |    43 ||   973
 Cast: Ensorcelled Hiber |    19 |    32 |    60 |    53 |     1 ||   165
       Confuse           |       |    15 |    24 |   138 |    14 ||   191
       Tukima's Dance    |       |     7 |     1 |    69 |       ||    77
       Invisibility      |       |       |       |     1 |       ||     1
       Corona            |       |       |       |       |     2 ||     2
Evoke: Wand              |       |       |       |     2 |       ||     2
  Use: Scroll            |       |       |       |     3 |       ||     3
       Potion            |       |       |       |     2 |       ||     2
 Stab: Sleeping          |    12 |    16 |    40 |    67 |     2 ||   137
       Distracted        |       |     1 |     2 |     5 |       ||     8
       Confused          |       |     8 |     7 |    75 |     7 ||    97
       Paralysed         |       |       |       |     2 |       ||     2
       Invisible         |       |       |       |     7 |       ||     7
  Eat: Bread ration      |     1 |     1 |       |     2 |       ||     4
       Fruit             |       |       |       |     2 |       ||     2
Armor: Robe              |    29 |    25 |    32 |    14 |     1 ||   101
Dodge: Dodged            |   202 |   241 |   429 |   709 |    60 ||  1641
